AoeStats
← WavyRackz

Black Forest

505403471Analyzed
4v4 RM · 23d ago on Sep 9, 2026· 57m 54s· 8 players
Game mode
Random Map
Map size
Large (8 player)
Population
200
Speed
Normal
Resources
Standard
Victory
Conquest
Starting age
Dark Age
Ending age
Imperial Age
RankedLock teamsTeams togetherTeam positionsShared explorationLock speedFull tech treeHidden civsTurbo modeCheats
Victory
Defeat
🇺🇸 Mapuche · United States
663
+9
🇮🇳 Dravidians · India
618
+11
🇺🇸 Lithuanians · United States
614
+11
537
+15
🇩🇪 Japanese · Germany
558
-13
🇷🇴 Franks · Romania
513
-12
🇬🇧 Portuguese · United Kingdom
494
-11
🇩🇰 Sicilians · Denmark
465
-10
matthiaskaeck
0:40 Loom
14:15 Feudal Age
15:42 Double-Bit Axe
15:41 Horse Collar
15:58 Stone Mining
15:58 Gold Mining
17:07 Wheelbarrow
25:24 Castle Age
26:30 Caravan
27:15 Forging
27:06 Scale Mail Armor
27:11 Scale Barding Armor
27:07 Padded Archer Armor
27:35 Hand Cart
30:58 Bow Saw
30:51 Heavy Plow
30:52 Gold Mining
36:40 Imperial Age
37:44 Conscription
37:44 Kataparuto
36:45 Elite Samurai
37:33 Town Watch
38:51 Fortified Wall
40:11 Chemistry
39:02 Guard Tower
44:18 Crossbowman
45:03 Thumb Ring
44:48 Arbalester
47:24 Two-Man Saw
46:26 Town Patrol
51:52 Iron Casting
51:38 Chain Barding Armor
51:34 Chain Mail Armor
51:10 Fletching
51:35 Leather Archer Armor
51:30 Husbandry
51:41 Bloodlines
50:51 Light Cavalry
50:52 Cavalier
greninja88
0:29 Loom
14:32 Feudal Age
15:06 Double-Bit Axe
25:59 Castle Age
24:15 Gold Mining
24:19 Stone Mining
28:57 Fletching
29:17 Forging
29:13 Scale Barding Armor
29:09 Scale Mail Armor
29:14 Padded Archer Armor
30:29 Wheelbarrow
29:39 Town Watch
31:59 Ballistics
31:49 Fortified Wall
31:36 Murder Holes
33:13 Horse Collar
38:56 Imperial Age
36:45 Hand Cart
38:32 Town Patrol
42:11 Conscription
42:27 Pikeman
43:26 Halberdier
46:24 Chemistry
48:29 Bow Saw
48:18 Bodkin Arrow
48:59 Iron Casting
48:42 Leather Archer Armor
48:43 Chain Mail Armor
48:14 Onager
alexdoctorofsoul
15:21 Feudal Age
17:41 Double-Bit Axe
20:51 Gold Mining
20:52 Stone Mining
23:41 Wheelbarrow
27:45 Castle Age
31:56 Caravan
32:45 Hand Cart
39:59 Imperial Age
40:43 Fortified Wall
41:46 Chemistry
42:25 Cavalier
42:33 Cavalier
45:07 Paladin
45:55 Chivalry
45:16 Elite Throwing Axeman
49:05 Scale Barding Armor
BlacKHazE.
8:31 Loom
14:38 Feudal Age
16:17 Double-Bit Axe
16:54 Horse Collar
20:46 Fletching
21:29 Fishing Lines
21:46 Town Watch
22:39 Wheelbarrow
28:18 Castle Age
29:00 Bodkin Arrow
31:13 Ballistics
30:49 Murder Holes
31:05 Masonry
32:43 Bow Saw
32:38 Heavy Plow
40:54 Gold Mining
43:43 Hand Cart
47:03 Imperial Age
44:51 Gambesons
44:54 Arson
45:21 Bloodlines
45:13 Husbandry
44:38 Light Cavalry
45:33 Scale Barding Armor
45:30 Scale Mail Armor
45:41 Forging
48:09 Gold Shaft Mining
48:15 Chain Mail Armor
48:30 Conscription
48:10 Arrowslits
49:15 Stone Mining
49:18 Cavalier
51:26 Chemistry
51:43 Squires
amazingkabali
8:26 Loom
13:00 Feudal Age
14:51 Horse Collar
15:56 Wheelbarrow
15:11 Double-Bit Axe
20:39 Gold Mining
20:42 Stone Mining
20:48 Stone Mining
25:33 Castle Age
23:53 Man-at-Arms
26:17 Heavy Plow
26:30 Bow Saw
27:11 Hand Cart
26:59 Elite Skirmisher
27:04 Pikeman
31:13 Caravan
30:58 Long Swordsman
31:24 Gambesons
31:40 Squires
33:28 Herbal Medicine
33:55 Sanctity
36:00 Arson
36:24 Thumb Ring
39:01 Town Watch
41:44 Forging
41:35 Scale Mail Armor
41:28 Fletching
41:38 Padded Archer Armor
41:44 Scale Barding Armor
41:46 Town Patrol
46:23 Imperial Age
43:52 Murder Holes
44:08 Fortified Wall
44:10 Masonry
44:21 Ballistics
43:52 Heated Shot
44:20 Masonry
44:14 Heated Shot
45:23 Medical Corps
46:33 Iron Casting
48:37 Chemistry
47:02 Elite Elephant Archer
52:03 Hoardings
51:50 Conscription
51:50 Wootz Steel
51:14 Two-Handed Swordsman
51:15 Halberdier
WavyRackz
0:32 Loom
6:42 Loom
11:52 Feudal Age
16:30 Castle Age
15:49 Double-Bit Axe
15:58 Gold Mining
17:45 Wheelbarrow
20:07 Bow Saw
21:55 Fletching
22:06 Padded Archer Armor
25:29 Gold Shaft Mining
25:53 Hand Cart
28:27 Caravan
29:55 Horse Collar
37:16 Imperial Age
34:51 Treadmill Crane
35:33 Ballistics
36:04 Bodkin Arrow
36:25 Leather Archer Armor
36:58 Malon
37:02 Heavy Plow
36:53 Stone Mining
37:40 Forging
38:16 Butalmapu
38:32 Conscription
38:13 Elite Bolas Rider
40:25 Crop Rotation
40:31 Stone Shaft Mining
40:40 Scale Mail Armor
41:16 Iron Casting
41:12 Ring Archer Armor
42:05 Chemistry
44:23 Blast Furnace
43:39 Chain Mail Armor
44:42 Arson
A7NationAshyCouldn'tHoldMeBack
13:57 Feudal Age
14:35 Double-Bit Axe
14:42 Gold Mining
14:43 Stone Mining
22:37 Castle Age
24:31 Gold Shaft Mining
26:22 Husbandry
27:36 Bow Saw
36:24 Scale Barding Armor
41:22 Forging
41:33 Chain Barding Armor
45:44 Imperial Age
44:48 Pikeman
45:30 Squires
45:51 Cavalier
52:56 Paladin
PapaSnackz
2:18 Loom
13:08 Feudal Age
14:31 Double-Bit Axe
15:27 Wheelbarrow
14:39 Horse Collar
16:45 Gold Mining
24:17 Castle Age
24:27 Stone Mining
25:37 Caravan
25:54 Fervor
27:11 Hand Cart
27:48 Heavy Plow
28:00 Bow Saw
31:35 Forging
31:30 Scale Barding Armor
33:20 Iron Casting
34:05 Bloodlines
33:55 Husbandry
35:46 Fortified Wall
35:57 Ballistics
38:33 Imperial Age
38:39 Imperial Age
36:51 Stone Shaft Mining
38:36 Chain Barding Armor
38:41 Elite Leitis
39:44 Conscription
40:02 Plate Barding Armor
40:30 Two-Man Saw
40:02 Crop Rotation
41:36 Chemistry
43:33 Treadmill Crane
44:52 Coinage
Connection lost

Rejoining the realm…

Still unreachable

The connection could not be restored.

Session expired

The server has moved on; the page needs a fresh start.